 Dungeon Crawl Stone Soup version 0.21.1-1-g345015fe64 (webtiles) character file.

972 Fascinator the Cleaver (level 7, -9/58 HPs)
             Began as a Black Draconian Gladiator on July 29, 2018.
             Mangled by an ice beast (11 damage)
             ... on level 5 of the Dungeon.
             The game lasted 00:07:42 (3754 turns).

Fascinator the Cleaver (Black Draconian Gladiator)  Turns: 3754, Time: 00:07:43

Health: -9/58      AC:  7    Str: 16    XL:     7   Next: 94%
Magic:  7/7        EV: 14    Int:  9    God:
Gold:   241        SH:  0    Dex: 14    Spells: 6/6 levels left

rFire    . . .     SeeInvis .   h - +2 quarterstaff (chaos)
rCold    . . .     Gourm    .   (shield currently unavailable)
rNeg     . . .     Faith    .   (armour unavailable)
rPois    .         Spirit   .   b - +0 hat
rElec    +         Reflect  .   f - +0 cloak
rCorr    .         Harm     .   (no gloves)
MR       .....                  (no boots)
Stlth    ++........             (no amulet)
HPRegen  0.19/turn              (no ring)
MPRegen  0.10/turn              (no ring)

@: no status effects
A: breathe lightning, unfitting armour, electricity resistance, cold-blooded, AC
+6
a: Breathe Lightning


You were on level 5 of the Dungeon.
You were hungry.

You visited 1 branch of the dungeon, and saw 5 of its levels.

You collected 241 gold pieces.

Inventory:

Hand Weapons
 a - a +0 war axe
 h - a +2 quarterstaff of chaos (weapon)
 r - a +0 falchion of holy wrath
Missiles
 c - 3 throwing nets (quivered)
Armour
 b - a +0 hat (worn)
 f - a +0 cloak (worn)
Wands
 q - a wand of random effects (24)
Scrolls
 e - a scroll of blinking {unknown}
 g - a scroll of immolation {unknown}
 i - 3 scrolls of remove curse {unknown}
 j - a scroll of magic mapping {unknown}
 l - 4 scrolls of identify {unknown}
 m - 2 scrolls of amnesia {unknown}
 o - a scroll of teleportation {unknown}
Potions
 k - a potion of resistance {unknown}
 n - a potion of brilliance {unknown}
 p - a potion of degeneration {unknown}
 s - a potion of lignification
Comestibles
 d - 7 rations


   Skills:
 + Level 3.6 Fighting
 * Level 8.3 Axes
 - Level 1.9 Throwing
 + Level 4.2 Dodging
 + Level 1.3 Stealth
 * Level 0.1 Evocations


You had 6 spell levels left.
You didn't know any spells.

Dungeon Overview and Level Annotations

Branches:
Dungeon (5/15)
 Temple: D:4-7

Altars:
Cheibriados
Fedhas
Gozag
Kikubaaqudgha
Ru
Uskayaw


Innate Abilities, Weirdness & Mutations

You can breathe wild blasts of lightning.
Your glossy black scales are hard. (AC +6)
You cannot fit into any form of body armour.
You are resistant to electric shocks. (rElec)
You are cold-blooded and may be slowed by cold attacks.


Message History

The ice beast hits you. The ice beast freezes you!
You feel yourself slow down.
You hit the ice beast but do no damage.
The ice beast is severely wounded.
The ice beast misses you.
The ice beast hits you but does no damage.
You hit the ice beast but do no damage.
The ice beast is almost dead.
You feel yourself speed up. The ice beast completely misses you.
You hit the ice beast but do no damage.
The ice beast is almost dead.
The ice beast hits you. The ice beast freezes you!
* * * LOW HITPOINT WARNING * * *
The ice beast closely misses you.
You closely miss the ice beast.
The ice beast is almost dead.
The ice beast looks more healthy.
The ice beast hits you.
* * * LOW HITPOINT WARNING * * *
The ice beast freezes you!
You die... ########### #.........# #.#######@# ####.# #Y# #....# ooJ

##.##### ..oh.
#.....# .......
#####.##...?....
#.##........#
#.##.........
#.#


You could see an ice beast, a hound, a jelly and 3 orcs.

Vanquished Creatures
  Pikel (D:4)
  The ghost of Dasatrys the Covert, an amateur OpAs (D:3)
  A bullfrog (D:2)
  An orc priest (D:3)
  An orc wizard (D:3)
  Crazy Yiuf (D:4)
  An iguana (D:5)
  Ijyb (D:4)
  A worker ant (D:4)
  A howler monkey skeleton (D:4)
  7 adders
  2 dart slugs
  4 leopard geckos
  9 orcs
  5 bats
  6 giant cockroaches
  8 hobgoblins
  A quokka (D:4)
  7 frilled lizards
  5 goblins
  7 kobolds
  A leopard gecko skeleton (D:4)
  4 rats
76 creatures vanquished.

Vanquished Creatures (others)
  2 plants (D:3)
2 creatures vanquished.

Grand Total: 78 creatures vanquished

Notes
Turn   | Place    | Note
-------+----------+-------------------------------------------
     0 | D:1      | Fascinator the Draconian Gladiator began the quest for the Orb.
     0 | D:1      | Reached XP level 1. HP: 17/17 MP: 1/1
   182 | D:1      | Reached XP level 2. HP: 21/24 MP: 2/2
   500 | D:2      | Reached XP level 3. HP: 23/30 MP: 3/3
   633 | D:2      | Found an ancient bone altar of Kikubaaqudgha.
   677 | D:2      | Reached skill level 4 in Axes
  1062 | D:2      | Noticed a bullfrog
  1074 | D:2      | Killed a bullfrog
  1074 | D:2      | Reached XP level 4. HP: 3/37 MP: 4/4
  1455 | D:2      | Found a sacrificial altar of Ru.
  1567 | D:2      | Reached skill level 5 in Axes
  1589 | D:2      | Reached XP level 5. HP: 28/42 MP: 5/5
  2365 | D:3      | Noticed Dasatrys's ghost (amateur OpAs)
  2377 | D:3      | Killed Dasatrys's ghost
  2377 | D:3      | Reached skill level 6 in Axes
  2377 | D:3      | Reached XP level 6. HP: 38/50 MP: 6/6
  2538 | D:3      | Found a snail-covered altar of Cheibriados.
  2843 | D:4      | Found a blossoming altar of Fedhas.
  2963 | D:4      | Found a hide-covered altar of Uskayaw.
  2977 | D:4      | Found an opulent altar of Gozag.
  2997 | D:4      | Noticed Pikel
  2998 | D:4      | Noticed a slave
  3009 | D:4      | Noticed a slave
  3010 | D:4      | Noticed a slave
  3029 | D:4      | Killed Pikel
  3029 | D:4      | Reached skill level 8 in Axes
  3029 | D:4      | Reached skill level 1 in Stealth
  3029 | D:4      | Your scales start taking on a glossy black colour.
  3029 | D:4      | Reached XP level 7. HP: 28/57 MP: 7/7
  3029 | D:4      | Gained mutation: You are resistant to electric shocks. (rElec) [Black Draconian growth]
  3330 | D:4      | Noticed Ijyb
  3378 | D:4      | Killed Ijyb
  3631 | D:4      | Found a runed door.
  3663 | D:4      | Noticed Crazy Yiuf
  3670 | D:4      | Killed Crazy Yiuf
  3702 | D:5      | Entered Level 5 of the Dungeon
  3754 | D:5      | HP: 2/58 [ice beast (4)]
  3754 | D:5      | Mangled by an ice beast

Skill      XL: |  1  2  3  4  5  6 |
---------------+-------------------+-----
Dodging        | 3 4 |  4.2
Axes           | 4 5 6 8 |  8.3
Fighting       | 3 |  3.6
Stealth        | 1 |  1.3
Throwing       | |  1.9
Evocations     | |  0.1

Action                   |  1- 3 |  4- 6 |  7- 9 || total
-------------------------+-------+-------+-------++-------
Melee: War axe           |    83 |   150 |    49 ||   282
       Tailslap          |     7 |    21 |    10 ||    38
       Quarterstaff      |       |       |    18 ||    18
 Abil: Breathe Lightning |       |       |     3 ||     3
  Use: Potion            |       |     7 |       ||     7
 Stab: Sleeping          |     1 |     2 |     1 ||     4
  Eat: Chunk             |       |     6 |       ||     6
       Ration            |       |       |     1 ||     1
Armor: Skin              |    39 |    45 |    17 ||   101
Dodge: Dodged            |    82 |   107 |    48 ||   237
